NCAA
BAYLOR BEARS @ STANFORD CARDINAL
03/08/2060
 
TOP OF THE 1ST
Baylor Bears batting - Pitching for Stanford Cardinal : LHP Lamar Williams
Pitching: LHP Lamar Williams
Batting: RHB Jeremy Todd 0-0: Called Strike
0-1: Fly out, F7 (Line Drive, 7, EV 96.9 MPH)
Batting: RHB Johnathan de Jesus 0-0: Ball
1-0: Ball
2-0: Ball
3-0: Base on Balls
Batting: LHB Dave Arnett 0-0: Ball
1-0: Foul Ball, location: 2F
1-1: Ball
2-1: Fly out, F9 (Flyball, 9D, EV 87.5 MPH)
Batting: RHB Chase Terbush 0-0: Called Strike
0-1: Fly out, F6 (Flyball, 56D, EV 83.8 MPH)
Top of the 1st over - 0 runs, 0 hits, 0 errors, 1 left on base; Baylor 0 - Stanford 0
BOTTOM OF THE 1ST
Stanford Cardinal batting - Pitching for Baylor Bears : RHP Johnny Cologna
Pitching: RHP Johnny Cologna
Batting: RHB Kurt de la Piedra 0-0: Ball
1-0: Ball
2-0: Foul Ball, location: 2F
2-1: Foul Ball, location: 2F
2-2: Ball
3-2: Ground out 6-3 (Groundball, 6, EV 90.6 MPH)
Batting: LHB Zavier Cobb 0-0: Called Strike
0-1: Ball
1-1: Fly out, F4 (Line Drive, 4, EV 68.1 MPH)
Batting: RHB Lawrence Rawson 0-0: Called Strike
0-1: Fly out, F1 (Line Drive, P, EV 67.5 MPH)
Bottom of the 1st over - 0 runs, 0 hits, 0 errors, 0 left on base; Baylor 0 - Stanford 0
TOP OF THE 2ND
Baylor Bears batting - Pitching for Stanford Cardinal : LHP Lamar Williams
Batting: RHB Fred Levitz 0-0: Called Strike
0-1: Called Strike
0-2: Strikes out swinging
Batting: SHB Rhys Graham 0-0: Ball
1-0: Called Strike
1-1: DOUBLE (Line Drive, 9LS, EV 106.9 MPH)
Batting: RHB Nathan Lance 0-0: Ball
Rhys Graham steals 3rd base
1-0: Foul Ball, location: 2F
1-1: Fly out, F9 (Line Drive, 9, EV 86.2 MPH)
Runner from 3rd tags up, SCORES, throw by RF
Batting: RHB Benjamin Ericson 0-0: Fly out, F8 (Flyball, 8LS, EV 90.0 MPH)
Top of the 2nd over - 1 run, 1 hit, 0 errors, 0 left on base; Baylor 1 - Stanford 0
BOTTOM OF THE 2ND
Stanford Cardinal batting - Pitching for Baylor Bears : RHP Johnny Cologna
Batting: LHB Phillip Rothlisberger 0-0: Ball
1-0: Ball
2-0: Called Strike
2-1: SOLO HOME RUN (Flyball, 89XD, EV 100.0 MPH), Distance : 401 ft
Batting: LHB Brian Elder 0-0: Ball
1-0: SINGLE (Line Drive, 8LS, EV 105.6 MPH)
Batting: RHB Richard Ernst 0-0: Swinging Strike
0-1: Fly out, F8 (Flyball, 8RXD, EV 98.8 MPH)
Batting: RHB Nat Hill 0-0: Foul Ball, location: 2F
0-1: SINGLE (Groundball, 3D, EV 105.6 MPH)
Brian Elder to second
Runner from 2nd tries for 3rd, SAFE, no throw by RF
Batting: RHB Deven Copeland 0-0: Fly out, F8 (Line Drive, 8RD, EV 96.9 MPH)
Runner from 3rd tags up, SCORES, throw by CF
Batting: RHB Brendan Fountain 0-0: Swinging Strike
0-1: Fielders Choice at 2nd, 6-4 (Groundball, 6, EV 100.6 MPH)
Bottom of the 2nd over - 2 runs, 3 hits, 0 errors, 1 left on base; Baylor 1 - Stanford 2
TOP OF THE 3RD
Baylor Bears batting - Pitching for Stanford Cardinal : LHP Lamar Williams
Batting: RHB Tate Fitzgerald 0-0: Called Strike
0-1: Called Strike
0-2: Fly out, F3 (Popup, 34S, EV 71.2 MPH)
Batting: RHB Jeremy Todd 0-0: Foul Ball, location: 2F
0-1: Ball
1-1: Swinging Strike
1-2: Strikes out swinging
Batting: RHB Johnathan de Jesus 0-0: Called Strike
0-1: Foul Ball, location: 2F
0-2: Ball
1-2: Ball
2-2: Ball
3-2: DOUBLE (Flyball, 89XD, EV 110.6 MPH)
Batting: LHB Dave Arnett 0-0: Ball
1-0: Called Strike
1-1: Foul Ball, location: 2F
1-2: Foul Ball, location: 2F
1-2: Fly out, F9 (Flyball, 89S, EV 95.6 MPH)
Top of the 3rd over - 0 runs, 1 hit, 0 errors, 1 left on base; Baylor 1 - Stanford 2
BOTTOM OF THE 3RD
Stanford Cardinal batting - Pitching for Baylor Bears : RHP Johnny Cologna
Batting: RHB Kurt de la Piedra 0-0: Ball
1-0: Ball
2-0: Ball
3-0: Called Strike
3-1: Swinging Strike
3-2: Ground out 1-3 (Groundball, P, EV 68.1 MPH)
Batting: LHB Zavier Cobb 0-0: Ball
1-0: Ball
2-0: Ball
3-0: Called Strike
3-1: Base on Balls
Batting: RHB Lawrence Rawson 0-0: Ball
1-0: Called Strike
Zavier Cobb is caught stealing 2nd base 2-4
1-1: Ground out 1-3 (Groundball, P, EV 71.9 MPH)
Bottom of the 3rd over - 0 runs, 0 hits, 0 errors, 0 left on base; Baylor 1 - Stanford 2
TOP OF THE 4TH
Baylor Bears batting - Pitching for Stanford Cardinal : LHP Lamar Williams
Batting: RHB Chase Terbush 0-0: Called Strike
0-1: Ball
1-1: SINGLE (Line Drive, 6D, EV 96.9 MPH)
Batting: RHB Fred Levitz 0-0: Foul Ball, location: 2F
0-1: Foul Ball, location: 2F
0-2: Ball
1-2: Foul Ball, location: 2F
1-2: SINGLE (Groundball, 34D, EV 98.8 MPH)
Chase Terbush to second
Runner from 2nd tries for 3rd, SAFE, throw by RF made to third
Batting: SHB Rhys Graham 0-0: Fielders Choice at 2nd, 3-6 (Groundball, 23, EV 81.9 MPH)
Chase Terbush scores
Batting: RHB Nathan Lance 0-0: Swinging Strike
0-1: Swinging Strike
0-2: Ball
1-2: Ball
2-2: Strikes out looking
Batting: RHB Benjamin Ericson 0-0: Ball
1-0: Called Strike
1-1: SINGLE (Line Drive, 8LS, EV 96.9 MPH)
Rhys Graham to second
Batting: RHB Tate Fitzgerald 0-0: Fly out, F7 (Flyball, 78S, EV 78.8 MPH)
Top of the 4th over - 1 run, 3 hits, 0 errors, 2 left on base; Baylor 2 - Stanford 2
BOTTOM OF THE 4TH
Stanford Cardinal batting - Pitching for Baylor Bears : RHP Johnny Cologna
Batting: LHB Phillip Rothlisberger 0-0: Ball
1-0: Ball
2-0: Called Strike
2-1: Ball
3-1: Foul Ball, location: 2F
3-2: Foul Ball, location: 2F
3-2: Base on Balls
Batting: LHB Brian Elder 0-0: Ball
1-0: Called Strike
1-1: Swinging Strike
1-2: Ball
2-2: Ball
3-2: Strikes out swinging
Batting: RHB Richard Ernst 0-0: Ball
1-0: SINGLE (Groundball, 4MD, EV 105.0 MPH)
Phillip Rothlisberger to second
Batting: RHB Nat Hill 0-0: Ball
1-0: Ball
2-0: Grounds into double play, 5-4-3 (Groundball, 56, EV 102.5 MPH)
Bottom of the 4th over - 0 runs, 1 hit, 0 errors, 1 left on base; Baylor 2 - Stanford 2
TOP OF THE 5TH
Baylor Bears batting - Pitching for Stanford Cardinal : LHP Lamar Williams
Batting: RHB Jeremy Todd 0-0: Foul Ball, location: 2F
0-1: Ball
1-1: Foul Ball, location: 2F
1-2: Ball
2-2: Foul Ball, location: 2F
2-2: Ball
3-2: Ground out 6-3 (Groundball, 6, EV 108.1 MPH)
Batting: RHB Johnathan de Jesus 0-0: Called Strike
0-1: SINGLE (Groundball, 6MD, EV 101.9 MPH)
Batting: LHB Dave Arnett 0-0: Swinging Strike
0-1: Foul Ball, location: 2F
0-2: Ball
1-2: 2-RUN HOME RUN (Flyball, 9LD, EV 96.2 MPH), Distance : 356 ft
Batting: RHB Chase Terbush 0-0: Foul Ball, location: 2F
0-1: Foul Ball, location: 2F
0-2: Strikes out swinging
Batting: RHB Fred Levitz 0-0: Foul Ball, location: 2F
0-1: Ball
1-1: Foul Ball, location: 2F
1-2: Ground out 1-3 (Groundball, 34S, EV 71.2 MPH)
Top of the 5th over - 2 runs, 2 hits, 0 errors, 0 left on base; Baylor 4 - Stanford 2
BOTTOM OF THE 5TH
Stanford Cardinal batting - Pitching for Baylor Bears : RHP Johnny Cologna
Batting: RHB Deven Copeland 0-0: Swinging Strike
0-1: Ball
1-1: Ball
2-1: Foul Ball, location: 2F
2-2: Fly out, F7 (Flyball, 7, EV 88.1 MPH)
Batting: RHB Brendan Fountain 0-0: Foul Ball, location: 2F
0-1: Fly out, F9 (Flyball, 9D, EV 86.2 MPH)
Batting: RHB Kurt de la Piedra 0-0: Swinging Strike
0-1: Ball
1-1: Called Strike
1-2: Strikes out swinging
Bottom of the 5th over - 0 runs, 0 hits, 0 errors, 0 left on base; Baylor 4 - Stanford 2
TOP OF THE 6TH
Baylor Bears batting - Pitching for Stanford Cardinal : LHP Lamar Williams
Batting: SHB Rhys Graham 0-0: Called Strike
0-1: Called Strike
0-2: Strikes out swinging
Batting: RHB Nathan Lance 0-0: Ground out U3 (Groundball, 3, EV 85.0 MPH)
Batting: RHB Benjamin Ericson 0-0: Ball
1-0: Ball
2-0: Foul Ball, location: 2F
2-1: Ball
3-1: Foul Ball, location: 2F
3-2: Base on Balls
Pitching: RHP Evan Cannon
Batting: RHB Tate Fitzgerald 0-0: Foul Ball, location: 2F
0-1: Ball
1-1: Ball
2-1: 2-RUN HOME RUN (Flyball, 78XD, EV 106.9 MPH), Distance : 407 ft
Batting: RHB Jeremy Todd 0-0: Ball
1-0: Foul Ball, location: 2F
1-1: Swinging Strike
1-2: Foul Ball, location: 2F
1-2: Fly out, F8 (Flyball, 8RM, EV 87.5 MPH)
Top of the 6th over - 2 runs, 1 hit, 0 errors, 0 left on base; Baylor 6 - Stanford 2
BOTTOM OF THE 6TH
Stanford Cardinal batting - Pitching for Baylor Bears : RHP Johnny Cologna
Batting: LHB Zavier Cobb 0-0: Swinging Strike
0-1: Ball
1-1: Ball
2-1: Foul Ball, location: 2F
2-2: Strikes out swinging
Batting: RHB Lawrence Rawson 0-0: SINGLE (Groundball, 6D, EV 108.1 MPH)
Batting: LHB Phillip Rothlisberger 0-0: Ball
1-0: Called Strike
1-1: Ball
2-1: Called Strike
2-2: Ball
3-2: Strikes out swinging
Batting: LHB Brian Elder 0-0: Ball
1-0: Ball
2-0: Ball
3-0: Base on Balls
Lawrence Rawson to second
Pitching: LHP Bryan Morales
Batting: RHB Richard Ernst 0-0: Foul Ball, location: 2F
0-1: Ball
1-1: Ball
2-1: Foul Ball, location: 2F
2-2: Fly out, F7 (Line Drive, 78S, EV 94.4 MPH)
Bottom of the 6th over - 0 runs, 1 hit, 0 errors, 2 left on base; Baylor 6 - Stanford 2
TOP OF THE 7TH
Baylor Bears batting - Pitching for Stanford Cardinal : RHP Evan Cannon
Batting: RHB Johnathan de Jesus 0-0: Swinging Strike
0-1: Ball
1-1: Ball
2-1: Ball
3-1: Called Strike
3-2: Foul Ball, location: 2F
3-2: Strikes out looking
Batting: LHB Dave Arnett 0-0: Foul Ball, location: 2F
0-1: Foul Ball, location: 2F
0-2: Fly out, F8 (Flyball, 8RM, EV 91.9 MPH)
Batting: RHB Chase Terbush 0-0: Called Strike
0-1: Called Strike
0-2: Foul Ball, location: 2F
0-2: Ball
1-2: Ball
2-2: Ball
3-2: Base on Balls
Batting: RHB Fred Levitz 0-0: Ball
1-0: Foul Ball, location: 2F
1-1: Called Strike
1-2: Foul Ball, location: 2F
1-2: Strikes out swinging
Top of the 7th over - 0 runs, 0 hits, 0 errors, 1 left on base; Baylor 6 - Stanford 2
BOTTOM OF THE 7TH
Stanford Cardinal batting - Pitching for Baylor Bears : LHP Bryan Morales
Batting: RHB Nat Hill 0-0: Called Strike
0-1: Called Strike
0-2: Strikes out swinging
Batting: RHB Deven Copeland 0-0: Called Strike
0-1: Ball
1-1: Foul Ball, location: 2F
1-2: Ball
2-2: Ball
3-2: Base on Balls
Batting: RHB Brendan Fountain 0-0: Called Strike
0-1: Ball
1-1: Foul Ball, location: 2F
1-2: Fly out, F4 (Popup, 13S, EV 80.6 MPH)
Pitching: LHP Isaac Pugh
Batting: RHB Kurt de la Piedra 0-0: Called Strike
0-1: Ball
1-1: Foul Ball, location: 2F
1-2: Foul Ball, location: 2F
1-2: Fly out, F8 (Flyball, 8LD, EV 98.1 MPH)
Bottom of the 7th over - 0 runs, 0 hits, 0 errors, 1 left on base; Baylor 6 - Stanford 2
TOP OF THE 8TH
Baylor Bears batting - Pitching for Stanford Cardinal : RHP Evan Cannon
Batting: SHB Rhys Graham 0-0: Called Strike
0-1: Ball
1-1: Swinging Strike
1-2: Strikes out swinging
Batting: RHB Nathan Lance 0-0: Called Strike
0-1: Swinging Strike
0-2: Ball
1-2: Ball
2-2: Foul Ball, location: 2F
2-2: Foul Ball, location: 2F
2-2: Ball
3-2: Base on Balls
Pitching: RHP Norman Lang
Batting: RHB Benjamin Ericson 0-0: Called Strike
0-1: Grounds into double play, 4-6-3 (Groundball, 34S, EV 82.5 MPH)
Top of the 8th over - 0 runs, 0 hits, 0 errors, 0 left on base; Baylor 6 - Stanford 2
BOTTOM OF THE 8TH
Stanford Cardinal batting - Pitching for Baylor Bears : LHP Isaac Pugh
Batting: LHB Zavier Cobb 0-0: Foul Ball, location: 2F
0-1: Ball
1-1: Ball
2-1: Foul Ball, location: 2F
2-2: Ground out 4-3 (Groundball, 4S, EV 85.0 MPH)
Batting: RHB Lawrence Rawson 0-0: Ball
1-0: Foul Ball, location: 2F
1-1: Fly out, F5 (Flyball, 5D, EV 89.4 MPH)
Batting: LHB Phillip Rothlisberger 0-0: Called Strike
0-1: SINGLE (Groundball, 34D, EV 105.6 MPH)
Batting: LHB Brian Elder 0-0: Fly out, F7 (Flyball, 7, EV 91.2 MPH)
Bottom of the 8th over - 0 runs, 1 hit, 0 errors, 1 left on base; Baylor 6 - Stanford 2
TOP OF THE 9TH
Baylor Bears batting - Pitching for Stanford Cardinal : RHP Norman Lang
Batting: RHB Tate Fitzgerald 0-0: Ball
1-0: Ball
2-0: Called Strike
2-1: Ground out 5-3 (Groundball, 56S, EV 75.6 MPH)
Batting: RHB Jeremy Todd 0-0: Hit by Pitch
Batting: RHB Johnathan de Jesus 0-0: Foul Ball, location: 2F
0-1: Swinging Strike
0-2: Ball
1-2: Foul Ball, location: 2F
1-2: Strikes out swinging
Batting: LHB Dave Arnett 0-0: SINGLE (Line Drive, 34D, EV 101.9 MPH)
Jeremy Todd to second
Batting: RHB Chase Terbush 0-0: SINGLE (Line Drive, 89S, EV 93.8 MPH)
Jeremy Todd to third
Dave Arnett to second
Batting: RHB Fred Levitz 0-0: Ball
1-0: Called Strike
1-1: Foul Ball, location: 2F
1-2: Ball
2-2: Ball
3-2: Reached on error, E6 (Groundball, 6, EV 83.8 MPH)
Jeremy Todd scores
Dave Arnett to third
Chase Terbush to second
Batting: SHB Rhys Graham 0-0: Fly out, F7 (Flyball, 78M, EV 97.5 MPH)
Top of the 9th over - 1 run, 2 hits, 1 error, 3 left on base; Baylor 7 - Stanford 2
BOTTOM OF THE 9TH
Stanford Cardinal batting - Pitching for Baylor Bears : LHP Isaac Pugh
Batting: RHB Richard Ernst 0-0: Ball
1-0: Swinging Strike
1-1: Foul Ball, location: 2F
1-2: Ball
2-2: Foul Ball, location: 2F
2-2: Strikes out swinging
Batting: RHB Nat Hill 0-0: Swinging Strike
0-1: Ball
1-1: Ball
2-1: SINGLE (Line Drive, 4M, EV 112.5 MPH)
Batting: RHB Deven Copeland 0-0: Ball
1-0: Called Strike
1-1: Ball
2-1: Foul Ball, location: 2F
2-2: Strikes out swinging
Batting: RHB Brendan Fountain 0-0: Called Strike
0-1: Fielders Choice at 2nd, 6-4 (Groundball, 6, EV 90.6 MPH)
Bottom of the 9th over - 0 runs, 1 hit, 0 errors, 1 left on base; Baylor 7 - Stanford 2
Wednesday, April 17th , 2024 - OOTP Baseball 23.10 Build 110